 Dungeon Crawl Stone Soup version 0.31-a0-848-gaac375c287 (webtiles) character file.

Game seed: 3167590134957046707

769 Dirtsage the Chopper (level 7, -2/52 HPs)
             Began as a Demonspawn Fighter on Oct 4, 2023.
             Splashed by a jelly's acid (7 damage)
             ... on level 4 of the Dungeon.
             The game lasted 00:06:43 (3978 turns).

Dirtsage the Chopper (Demonspawn Fighter)           Turns: 3978, Time: 00:06:44

Health: -2/52      AC: 13    Str: 18    XL:     7   Next: 52%
Magic:  7/7        EV:  7    Int:  9    God:
Gold:   204        SH:  5    Dex: 13    Spells: 6/6 levels left

rFire   . . .        a - +0 war axe
rCold   . . .        c - +1 buckler
rNeg    . . .        p - +0 chain mail
rPois   .            t - +0 helmet
rElec   .            s - +0 cloak
rCorr   .            (no gloves)
SInv    .            (no boots)
Will    .....        (no amulet) Stlth
                     i - +4 ring of protection
HPRegen 0.28/turn    (no ring)
MPRegen 0.10/turn

%: no passive effects
@: corroded, slowed, very slow
A: hooves 1, slimy green scales 1, powered by pain 2
a: no special abilities


You were on level 4 of the Dungeon.
You visited 1 branch of the dungeon, and saw 5 of its levels.

You collected 204 gold pieces.

Inventory:

Hand Weapons
 a - a +0 war axe (weapon)
Missiles
 g - 3 throwing nets
Armour
 c - a +1 buckler (worn)
 p - a +0 chain mail (worn)
 s - a +0 cloak (worn)
 t - a +0 helmet (worn)
Jewellery
 i - a +4 ring of protection (left hand)
 u - a ring of fire
Wands
 o - a wand of acid (8)
Scrolls
 b - a scroll of teleportation {unknown}
 l - a scroll of amnesia {unknown}
 n - a scroll of acquirement {unknown}
 w - a scroll of identify {unknown}
 x - a scroll of torment {unknown}
 y - a scroll of poison {unknown}
 B - a scroll of blinking
Potions
 d - a potion of might
 e - a potion of lignification {unknown}
 f - a potion of mutation {unknown}
 h - a potion of attraction
 j - a potion of ambrosia {unknown}
 k - a potion of heal wounds {unknown}
 m - a potion of brilliance {unknown}
 q - a potion of curing
 v - a potion of degeneration {unknown}


   Skills:
 - Level 3.0 Fighting
 + Level 7.9 Axes
 - Level 2.6 Armour
 - Level 2.6 Shields


You had 6 spell levels left.
You didn't know any spells.
Your spell library contained the following spells:

 Spells                   Type           Power      Damage    Failure   Level
 Magic Dart               Conj           0%         1d3       99%         1
 Slow                     Hex            0%         N/A       99%         1
 Call Imp                 Summ           0%         N/A       100%        2
 Poisonous Vapours        Pois/Air       0%         N/A       100%        2
 Confusing Touch          Hex            0%         N/A       100%        3
 Mephitic Cloud           Conj/Pois/Air  0%         N/A       100%        3
 Sigil of Binding         Hex            0%         N/A       100%        3
 Tukima's Dance           Hex            0%         N/A       100%        3
 Vampiric Draining        Necr           0%         2d6       100%        3
 Brom's Barrelling Bould  Conj/Erth      0%         2d3       100%        4
 Dimensional Bullseye     Hex/Tloc       0%         N/A       100%        4
 Iskenderun's Mystic Bla  Conj/Tloc      0%         2d3       100%        4
 Fireball                 Conj/Fire      0%         3d3       100%        5
 Freezing Cloud           Conj/Ice/Air   0%         6-21      100%        5
 Iskenderun's Battlesphe  Conj           0%         2d6       100%        5
 Conjure Ball Lightning   Conj/Air       0%         3x3d6     100%        6
 Orb of Destruction       Conj           0%         9d5       100%        7


Dungeon Overview and Level Annotations

Branches:
Dungeon (5/15)
 Temple: D:4-7

Altars:

Shops:
D:4 *

Annotations:
D:2 1 runed translucent door, Crazy Yiuf


Innate Abilities, Weirdness & Mutations

You have large cloven feet.
You are partially covered in slimy green scales. (AC +2)
You sometimes gain power by taking damage.


Message History

B - a scroll of blinking You can't go up here!
Unknown command.
There is a stone staircase leading up here.
The jelly barely misses you. You block the sleepcap's attack.
The jelly hits you but does no damage.
You climb upwards.
There is a stone staircase leading down here.
You slash the jelly!
Your hands burn!
The jelly is heavily wounded.
You hit the sleepcap but do no damage.
The sleepcap releases spores at you but does no damage.
You block the jelly's attack.
The sleepcap releases spores at you but does no damage.
The jelly hits you. The acid corrodes you!
You are splashed with acid!
* * * LOW HITPOINT WARNING * * *
You take 13 damage, and have 10/52 hp.
MASSIVE DAMAGE!!
You hit the jelly.
Your hands burn!
* * * LOW HITPOINT WARNING * * *
You kick the jelly, but do no damage.
The jelly is heavily wounded.
You hit the sleepcap but do no damage.
The sleepcap releases spores at you but does no damage.
You block the jelly's attack.
The sleepcap releases spores at you but does no damage.
You take 1 damage, and have 9/52 hp.
You barely miss the jelly.
The jelly is heavily wounded.
You hit the sleepcap. The jelly barely misses you.
The sleepcap releases spores at you but does no damage.
The jelly closely misses you.
The sleepcap releases spores at you but does no damage.
The sleepcap releases spores at you.
* * * LOW HITPOINT WARNING * * *
You are engulfed in a cloud of soporific spores!
You fall asleep.
The jelly hits you.
You wake up.
* * * LOW HITPOINT WARNING * * *
You are splashed with acid!
You die...

..# #....†..'.....# ..#
#.......####..# ..### #.......#
#..# ....## ####'#######..#
.....### #.......#..# .......#
#.......'..# ....##'##
#.......##.#
....#...###########.#.##...#.##
....#.∩.#.......@J..#....#.#..#
....#...#########f###...##.##.#
....##'##########'###(..##....#
....##†.#...............#######
....###.................# ....#
###...............# ....#
#..[............# ....#
#...............# #####
#.............###


You could see a sleepcap and a jelly.

Vanquished Creatures
  Eustachio (D:4)
  A sky beast (D:5)
  A black bear (D:4)
  A scorpion (D:4)
  2 hounds
  An orc priest (D:3)
  An orc wizard (D:3)
  Robin (D:4)
  7 gnolls
  8 adders
  A white imp (D:5)
  2 worms
  2 dart slugs (D:4)
  8 orcs
  5 ball pythons
  4 bats
  12 endoplasms
  14 goblins
  14 hobgoblins
  8 jackals
  A quokka (D:3)
  3 frilled lizards
  5 kobolds
  5 rats
108 creatures vanquished.

Notes
Turn   | Place    | Note
-------+----------+-------------------------------------------
     0 | D:1      | Dirtsage the Demonspawn Fighter began the quest for the
                  | Orb.
     0 | D:1      | Reached XP level 1. HP: 18/18 MP: 1/1
    51 | D:1      | Reached skill level 2 in Axes
   282 | D:1      | Gained mutation: You sometimes gain a little power by
                  | taking damage. [demonic ancestry]
   282 | D:1      | Reached XP level 2. HP: 20/24 MP: 2/2
   537 | D:1      | Reached skill level 3 in Axes
   908 | D:2      | Gained mutation: You sometimes gain power by taking damage.
                  | [demonic ancestry]
   908 | D:2      | Reached XP level 3. HP: 29/29 MP: 3/3
  1089 | D:2      | Reached skill level 4 in Axes
  1089 | D:2      | Gained mutation: You have large cloven feet. [demonic
                  | ancestry]
  1089 | D:2      | Reached XP level 4. HP: 5/35 MP: 4/4
  1439 | D:2      | Found a runed translucent door.
  1440 | D:2      | Noticed Crazy Yiuf
  1563 | D:2      | You fall into a shaft and drop 2 floors!
  1651 | D:4      | Noticed a black bear
  1662 | D:4      | Killed a black bear
  1663 | D:4      | Reached skill level 5 in Axes
  1663 | D:4      | Reached XP level 5. HP: 22/41 MP: 5/5
  2046 | D:2      | Found a faded altar of an unknown god.
  2545 | D:3      | Gained mutation: You are partially covered in slimy green
                  | scales. (AC +2) [demonic ancestry]
  2545 | D:3      | Reached XP level 6. HP: 8/47 MP: 6/6
  2555 | D:3      | Reached skill level 6 in Axes
  2793 | D:3      | Identified the +5 dagger "Reptieps" {flame, *Noise Str+2
                  | Int+3 SInv}
  3470 | D:4      | Noticed Robin
  3488 | D:4      | Killed Robin
  3642 | D:4      | Found Benepoj's Serpentskin Sales.
  3714 | D:4      | Noticed Eustachio
  3729 | D:4      | Killed Eustachio
  3730 | D:4      | Reached skill level 7 in Axes
  3730 | D:4      | Reached XP level 7. HP: 46/52 MP: 7/7
  3877 | D:5      | Entered Level 5 of the Dungeon
  3939 | D:5      | Noticed a wraith
  3978 | D:4      | Splashed by a jelly's acid

Illustrated notes

Levels and vault maps discovered:
D:1:      wheals_arrival_shading, layout_loops_ring, serial_rivers,
          chequers_serial_rivers_small_a, chequers_serial_rivers_micro_c,
          chequers_serial_rivers_small_a, chequers_serial_rivers_micro_d
D:2:      layout_loops_ring, hellmonk_ecumenical_altar_defaced_shrine,
          uniq_crazy_yiuf_cottage
D:3:      layout_basic
D:4:      layout_basic, guppyfry_shop_venom, uniq_eustachio, uniq_robin
D:5:      layout_rooms, minmay_manual_moon

Skill      XL: |  1  2  3  4  5  6 |
---------------+-------------------+-----
Axes           | 2 3 4 5 7 |  7.9
Fighting       | |  3.0
Armour         | |  2.6
Shields        | |  2.6

Action                     |  1- 3 |  4- 6 |  7- 9 || total
---------------------------+-------+-------+-------++-------
  Melee: War axe           |    84 |   172 |    43 ||   299
         Kick              |       |    51 |     9 ||    60
  Throw: Throwing net      |       |     1 |       ||     1
  Evoke: Wand              |       |     2 |       ||     2
    Use: Potion            |     2 |     1 |       ||     3
         Scroll            |     2 |       |     1 ||     3
 Armour: Scale mail        |    66 |    81 |       ||   147
         Chain mail        |       |    70 |    53 ||   123
  Dodge: Dodged            |    43 |    69 |    10 ||   122
  Block: Buckler           |    21 |    50 |     8 ||    79

Table legend: (Time is in decaauts)
 A = Elapsed time spent in this place.
 B = Non-inter-level travel time spent in this place.
 C = Inter-level travel time spent in this place.
 D = Time resting spent in this place.
 E = Time spent auto-exploring this place.
 F = Levels seen in this place.
 G = Mean time per level.
                   A        B        C        D        E       F      G
               +--------+--------+--------+--------+--------+-----+--------+
         Total |   4077 |   3944 |    133 |    429 |   2797 |   5 |  815.4 |
       Dungeon |   4077 |   3944 |    133 |    429 |   2797 |   5 |  815.4 |
               +--------+--------+--------+--------+--------+-----+--------+

Top non-repeatable levels by time:
     D:3: 1227 daAuts
     D:2: 1029 daAuts
     D:1: 936 daAuts
     D:4: 772 daAuts
     D:5: 112 daAuts
